[Event "22nd Indian Women chT 2025"]
[Site "Gujarat"]
[Date "2025.03.05"]
[Round "1.1"]
[White "Padmini, Rout"]
[Black "Mudaliar Nandini"]
[Result "1-0"]
[Annotator "TA"]
[ECO "A30"]
[WhiteElo "2356"]
[BlackElo "1681"]
[PlyCount "84"]
[EventDate "2025.03.03"]
[EventCountry "IND"]
[SourceTitle "playchess.com"]
[Source "ChessBase"]
[SourceQuality "1"]
[TimeControl "5400+30"]

1. Nf3 d5 2. g3 Nf6 3. Bg2 c5 4. O-O Nc6 5. c4 d4 6. e3 {[%emt 0:00:07] A30: Symmetrical English: Double Fianchetto and Hedgehog.} Bg4 7. d3 e6 8. h3 {[%emt 0:02:26] The position is equal.} Bh5 9. e4 (9. g4 $11 Bg6 10. Ne1) 9... Be7 10. Nbd2 O-O 11. a3 a5 $146 ({Predecessor:} 11... Nd7 12. Qc2 f5 13. Nh2 f4 14. g4 Bg6 15. Ndf3 e5 16. Bd2 h5 17. Rab1 hxg4 18. Nxg4 {0-1 Zemkova,K (1728)-Kharmunova,N (2012) Dia de la Mujer Blitz 2022 (6)}) 12. g4 Bg6 13. Nh4 e5 14. Nf5 Nd7 15. Nf3 h5 16. g5 f6 $2 {[%emt 0:02:35] Black is on the road to losing.} (16... a4 $11) 17. N3h4 $18 Qe8 18. Nxg6 Qxg6 {[%emt 0:00:06] [#]} 19. Nh4 $1 Qh7 20. g6 Qh8 {[%emt 0:00:04] Black is weak on the light squares} 21. Bf3 Rfb8 22. Bxh5 Kf8 23. Nf5 {[%emt 0:01:21][%cal Oc1h6] [#]} Ke8 24. Bg4 Nf8 25. h4 Nxg6 26. Bh5 ({Less strong is} 26. h5 Nf8 27. Kg2 Kd8 $16) 26... Qh7 27. Qg4 Kf7 28. Ng3 {[%emt 0:06:04] Threatens to win with f4.} Rh8 29. f4 exf4 30. Bxf4 Bd8 $2 (30... Kf8 31. Bxg6 (31. Qxg6 Qxg6 32. Bxg6 Rxh4 $18) 31... Qxh4 32. Qxh4 Rxh4) 31. Bd6 Be7 32. e5 Bxd6 33. Bxg6+ Qxg6 34. e6+ Kg8 35. Qxg6 Ne5 {[%emt 0:02:37] Dodges Qf7+} 36. Qe4 Nc6 37. Nf5 Be5 38. e7 {[%emt 0:00:35] White threatens Qd5+ and mate.} Re8 39. Qd5+ Kh7 40. Qf7 {[%emt 0:00:03][%csl Gf5][%cal Rf7g7] White mates.} Rxe7 41. Nxe7 Nxe7 42. Qxe7 b6 {[%emt 0:01:00] Weighted Error Value: White=0.12 (very precise) /Black=1.05  Loses game:     	---       	Black=1      Mistake:       	White=1     	Black=1      Inaccurate:     	White=1     	Black=4      OK:         	White=12    	Black=7      Best:        	White=2     	Black=2      Strong:       	White=1     	---} 1-0

[Event "22nd Indian Women chT 2025"]
[Site "Gujarat"]
[Date "2025.03.05"]
[Round "1.2"]
[White "Hanya Shah"]
[Black "Gomes, Mary Ann"]
[Result "0-1"]
[Annotator "TA"]
[ECO "A37"]
[WhiteElo "1772"]
[BlackElo "2278"]
[PlyCount "88"]
[EventDate "2025.03.03"]
[EventCountry "IND"]
[SourceTitle "playchess.com"]
[Source "ChessBase"]
[SourceQuality "1"]
[TimeControl "5400+30"]

1. c4 c5 2. Nc3 Nc6 3. g3 g6 4. Bg2 Bg7 5. Nf3 d6 6. O-O e5 7. d3 Nge7 8. e4 O-O 9. Be3 Nd4 {[%emt 0:00:31] A37: Symmetrical English vs ...g6: 4 Bg2 Bg7 5 Nf3.} 10. Nd5 Bg4 11. Bxd4 cxd4 {[%emt 0:00:07] Black is slightly better.} 12. Qd2 h6 $146 ({Predecessor:} 12... Nxd5 13. cxd5 Qb6 14. h3 Bd7 15. Rfc1 f5 16. Ng5 Bh6 17. h4 f4 18. Bh3 fxg3 19. Bxd7 Rxf2 20. Be6+ Kh8 21. Nf7+ Rxf7 22. Qxh6 Qxb2 {0-1 Karcol,J (1847)-Druska,J (2429) Bratislava Slovan op 2018 (9)}) 13. Ne1 Be6 14. Nc2 f5 15. Rab1 Qd7 16. f4 Bxd5 17. exd5 Kh7 18. Kh1 Rac8 19. b3 Ng8 20. Rbe1 Rfe8 21. Re2 h5 22. fxe5 dxe5 23. Bh3 Nh6 24. Ne1 Nf7 25. Ref2 {[%emt 0:05:21][%cal Rf2f5] [#]} Bh6 26. Qd1 {[%emt 0:01:05][%cal Rf2f5] Rxf5! is the strong threat. White is weak on the dark squares} Nd6 27. Nc2 Qg7 28. Qa1 (28. a3 $15) 28... Bg5 (28... b5 $17 {[%cal Rb5c4] and ...bxc4 should not be overlooked} 29. Re2 Qb7) 29. b4 (29. a4 $15) 29... b6 {[%emt 0:00:08] Black is more active.} 30. a4 {[%emt 0:01:22] Loses the game.} (30. Re2 $17 {was called for.}) 30... e4 $19 31. dxe4 Rxe4 32. Bg2 Rxc4 33. Na3 Rxb4 34. Nb5 Nxb5 35. Bxe4 Nd6 (35... fxe4 $2 36. axb5 (36. Rf7 Nc3 $11) 36... Kh6 (36... Rxb5 $2 37. Rf7 $18) 37. Rf7 $18) 36. Bg2 d3 37. Qa3 (37. a5 $142) 37... Qd4 38. Rf3 d2 (38... Rxa4 $2 {perishes.} 39. Qxd6 d2 40. Rd1 $18) 39. Rd3 Qc4 {[%emt 0:02:02] [#]} 40. Rd1 $2 (40. Qc3) 40... Ne4 ({And not} 40... Rxa4 41. Qxd6 Qc2 42. Qd7+ Kh6 43. Rf1 $11) 41. Bxe4 Qxe4+ {[%emt 0:01:03] Black mates.} 42. Rf3 Rb1 43. Rxb1 Qxb1+ 44. Kg2 d1=Q {[%emt 0:00:14] Weighted Error Value: White=0.60/Black=0.16 (very precise)   Mistake:       	White=5     	Black=1      Inaccurate:     	White=7     	Black=5      OK:         	White=7     	Black=8      Best:        	White=1     	Black=3} 0-1

[Event "22nd Indian Women chT 2025"]
[Site "Gujarat"]
[Date "2025.03.05"]
[Round "1.3"]
[White "Mohota, Nisha"]
[Black "Falak Joni Naik"]
[Result "1-0"]
[Annotator "TA"]
[ECO "E16"]
[WhiteElo "2169"]
[BlackElo "1717"]
[PlyCount "135"]
[EventDate "2025.03.03"]
[EventCountry "IND"]
[SourceTitle "playchess.com"]
[Source "ChessBase"]
[SourceQuality "1"]
[TimeControl "5400+30"]

1. d4 d5 2. c4 e6 3. Nf3 Nf6 4. g3 b6 5. cxd5 exd5 6. Bg2 Bb7 7. O-O Nbd7 8. Nc3 {[%emt 0:05:42] E16: Queen's Indian: 4 g3 Bb7 5 Bg2 Bb4+.} a6 (8... Bb4 $14 {deserves consideration.}) 9. Bf4 $16 Be7 10. Rc1 {[%emt 0:03:35] White is slightly better.} Rc8 (10... O-O $14) 11. Ne5 O-O 12. Bh3 h6 13. Qb3 c5 $146 (13... Re8 14. Nxd7 Nxd7 15. Nxd5 Bxd5 16. Qxd5 Nf6 17. Qc4 b5 18. Qd3 Ra8 19. Bxc7 Qd5 {1-0 Abilhoa,G (1671)-Ferraz,D (1307) Curitiba op 2018 (3)}) 14. Nxd7 Nxd7 15. Nxd5 {[%emt 0:00:55] White is much more active.} cxd4 16. Bxd7 ({Better is} 16. Rxc8 $16 Bxc8 17. Qc2) 16... Qxd7 17. Nxb6 {[%emt 0:00:29][%csl Oa6,Od4] Black has weak pawns} Qh3 {[%emt 0:02:06][%csl Gb7][%cal Rh3g2] [#]} 18. Nd5 {[%emt 0:01:08] Chess con chili.} (18. f3 {looks sharper.} Rc5 19. Na4 Bd5 20. Qd3) 18... Bxd5 ({Black should try} 18... Qd7 $14 19. Nb6 Qh3) 19. Qxd5 Rcd8 20. Qc4 Bf6 21. Qxa6 Rd5 22. Qc6 Rh5 {[%emt 0:00:08][%csl Gh5][%cal Rh3h2] [#]} 23. Qg2 Qe6 24. Rc2 Qxa2 25. Qc6 {[%emt 0:01:33] Against Rb5} Qe6 26. Qxe6 fxe6 27. Bd6 Rd8 28. Rc6 Rd5 29. Bc5 Re5 30. e3 dxe3 31. Bxe3 Re4 32. Rb1 (32. Rb6 $142) 32... Rb8 33. b3 Kf7 34. Bc5 Rb7 35. Kf1 Re5 36. b4 Rh5 37. Kg2 Be7 {[%emt 0:00:20][%cal Oh5c5] And now ...Rxc5! would win.} 38. Re1 e5 {[%emt 0:05:15] This move loses the game for Black.} (38... Bxc5 $16 39. Rxc5 (39. bxc5 Rb2 $11) 39... Rb5) 39. g4 $18 Rg5 40. f3 h5 $2 (40... Rd7 {keeps fighting.} 41. Re4 Bxc5 42. Rxc5 Rg6 43. Rexe5 (43. Rcxe5 Rb6 $18) 43... Ra6) 41. Bxe7 Rxe7 {[%emt 0:00:02][%mdl 4096] Endgame KRR-KRR. White is a pawn up.} 42. h4 Rg6 43. Rxg6 Kxg6 {[%emt 0:00:01] KR-KR. White is a pawn up.} 44. Kg3 hxg4 45. fxg4 ({Don't do} 45. Kxg4 $6 Rb7 $16) 45... Kf6 $2 (45... Rb7) 46. Rb1 Rb7 47. b5 Ke6 48. Kf3 Kd5 49. Ke3 Rb6 50. Rb2 Rb8 51. b6 {[%emt 0:00:12] aiming for b7.} Rb7 52. h5 Ke6 53. Ke4 Kd6 54. g5 Ke6 55. Rb5 Kd6 56. Kf5 (56. h6 $142 gxh6 57. gxh6 (57. Rxe5 hxg5 58. Rd5+ Kc6 $11)) 56... Rf7+ 57. Kg6 Rb7 58. h6 {[%emt 0:00:40] White mates.} gxh6 59. gxh6 e4 60. h7 Rb8 61. Kg7 Rb7+ 62. Kh6 Rb8 63. Rb3 Kd5 64. b7 Kc4 65. Rg3 Re8 66. Rg8 Re6+ 67. Kh5 e3 68. h8=Q {[%emt 0:00:20] Weighted Error Value: White=0.21 (precise) /Black=0.68  Mistake:       	White=2     	Black=6      Inaccurate:     	White=2     	Black=6      OK:         	White=15    	Black=13     Best:        	White=3     	Black=1} 1-0

[Event "22nd Indian Women chT 2025"]
[Site "Gujarat"]
[Date "2025.03.05"]
[Round "1.4"]
[White "Shah Vrushti"]
[Black "Vishwa Vasnawala"]
[Result "0-1"]
[Annotator "NA RC"]
[ECO "C54"]
[WhiteElo "1654"]
[BlackElo "2085"]
[PlyCount "98"]
[EventDate "2025.03.03"]
[EventCountry "IND"]
[SourceTitle "playchess.com"]
[Source "ChessBase"]
[SourceQuality "1"]
[TimeControl "5400+30"]

1. e4 e5 2. Nf3 Nc6 3. Bc4 Bc5 4. c3 Nf6 5. d3 d6 6. Nbd2 a6 7. h3 O-O 8. O-O Ba7 9. Re1 Ne7 10. Nf1 Ng6 11. Ng3 c6 12. Bb3 d5 13. exd5 Nxd5 14. Nxe5 Nxe5 15. Rxe5 Bxf2+ 16. Kh2 Qd6 17. Qe2 Bxg3+ 18. Kxg3 f6 19. Bf4 fxe5 20. Bxe5 Qg6+ 21. Kh2 Bf5 22. d4 b5 23. Re1 Ra7 24. Qf3 Be6 25. Qe2 Nf4 26. Bc2 Nxe2 27. Bxg6 hxg6 28. Rxe2 Bxa2 29. Re3 a5 30. Bd6 Rf2 31. Re8+ Kh7 32. Kg3 Rxb2 33. c4 Bxc4 34. Be5 Bd5 35. Bxg7 Rxg2+ 36. Kf4 Rf7+ 37. Bf6 Rxf6+ 38. Ke5 Re6+ 39. Rxe6 Bxe6 40. Kxe6 a4 41. Kd6 a3 42. Kxc6 a2 43. d5 a1=Q 44. d6 Qc3+ 45. Kd5 Rd2+ 46. Ke6 Qc6 47. h4 Qxd6+ 48. Kf7 Rf2+ 49. Ke8 Rf8# 0-1

[Event "22nd Indian Women chT 2025"]
[Site "Gujarat"]
[Date "2025.03.05"]
[Round "1.5"]
[White "Dina Patel"]
[Black "Priyanka Nutakki"]
[Result "0-1"]
[Annotator "TA"]
[ECO "C07"]
[WhiteElo "1484"]
[BlackElo "2284"]
[PlyCount "130"]
[EventDate "2025.03.03"]
[EventCountry "IND"]
[SourceTitle "playchess.com"]
[Source "ChessBase"]
[SourceQuality "1"]
[TimeControl "5400+30"]

1. e4 e6 2. d4 d5 3. Nd2 c5 4. c3 cxd4 5. cxd4 Nc6 6. Ngf3 dxe4 7. Nxe4 Bb4+ 8. Bd2 Bxd2+ {[%emt 0:03:29] C07: French Tarrasch: 3...c5, 4 Ngf3 and 4 exd5 Qxd5.} 9. Qxd2 Nge7 10. Bb5 O-O {[%emt 0:02:12] The position is equal.} 11. Bxc6 Nxc6 12. O-O b6 $146 (12... f5 13. Nc5 b6 14. Nb3 Ba6 15. Rfe1 Bc4 16. Rad1 h6 17. Rc1 Bd5 18. Rc3 Rc8 {1-0 Darie,C (1120)-Shukhman,A (1583) EU-ch U08 Girls 27th 2017 (2)}) 13. Nc3 Ne7 14. Rad1 Bb7 15. Qf4 Rc8 16. Rfe1 Nd5 17. Nxd5 Qxd5 18. b3 Rfd8 19. Rc1 f6 20. Qe3 Rxc1 21. Rxc1 Qd6 22. Re1 Bd5 23. Nd2 Rc8 {[%emt 0:03:50] Black plays on the queen side and is better} 24. Nf3 Qa3 {[%emt 0:04:02] Black is more active. Black keeps a firm grip on the game.} 25. Qd2 a5 26. Kf1 ({White should play} 26. Rb1) 26... a4 $17 27. bxa4 Bxa2 ({Much less strong is} 27... Qxa2 28. Qxa2 Bxa2 29. Ra1 $17) 28. Kg1 Qxa4 29. Rc1 {[%emt 0:03:04] Dodges b5} (29. Ra1 $17) 29... Rxc1+ $19 30. Qxc1 {[%emt 0:00:11][%mdl 4096] Endgame KQB-KQN. Black is a pawn up.} Qd7 {[%emt 0:02:18] Against Qc8+} 31. Qb2 Qc6 32. h3 (32. Ne1 $17 Bd5 33. f3) 32... Bd5 33. Ne1 b5 34. f3 Qc4 35. Nc2 Qe2 {[%emt 0:05:50][%cal Ob5b4] [#]} 36. Qc3 Bc4 37. Kh2 h5 38. Nb4 Qf2 39. Nc2 h4 40. Ne3 Qe2 41. Qa3 (41. Ng4 $142) 41... Kh7 42. Nxc4 Qxc4 {[%emt 0:00:48] KQ-KQ. Black is a pawn up.} 43. Qe3 (43. Qd6 {was worth a try.}) 43... Kg8 {[%emt 0:01:19] [#]} 44. Qe4 (44. Qe1 $142) 44... b4 45. Qa8+ Kf7 {[%emt 0:00:06][%cal Ob4b3] Threatens to win with ...b3!.} 46. Qb7+ Kg6 47. Qe4+ f5 48. Qxh4 Qc7+ 49. Kg1 $2 (49. f4) 49... b3 50. Qe1 Kf7 {[%emt 0:00:35] ( -> ...b2)} 51. Kf1 b2 {[%emt 0:00:27] Black mates.} 52. Qb1 Qc1+ 53. Qxc1 bxc1=Q+ 54. Ke2 Qc2+ 55. Ke3 g5 56. g3 Qc3+ 57. Ke2 Qxd4 58. Kf1 Qe3 59. Kg2 Qe2+ 60. Kg1 Qxf3 61. Kh2 Qf2+ 62. Kh1 f4 63. gxf4 gxf4 64. h4 f3 65. h5 Qg2# {[%emt 0:00:02] Weighted Error Value: White=0.38/Black=0.10 (very precise)   Mistake:       	White=7     	---        Inaccurate:     	White=3     	Black=4      OK:         	White=14    	Black=24     Best:        	White=6     	Black=1} 0-1

[Event "22nd Indian Women chT 2025"]
[Site "Gujarat"]
[Date "2025.03.05"]
[Round "1.6"]
[White "Chitlange Sakshi"]
[Black "Kapadia Khanak"]
[Result "1-0"]
[Annotator "TA"]
[ECO "E73"]
[WhiteElo "2200"]
[BlackElo "1578"]
[PlyCount "131"]
[EventDate "2025.03.03"]
[EventCountry "IND"]
[SourceTitle "playchess.com"]
[Source "ChessBase"]
[SourceQuality "1"]
[TimeControl "5400+30"]

1. d4 Nf6 2. c4 g6 3. Nc3 Bg7 4. e4 d6 5. Be2 O-O 6. Bg5 h6 7. Be3 e5 8. d5 Nbd7 9. Nf3 {[%emt 0:02:07] E73: King's Indian: Averbakh Variation without 6...c5.} (9. h4 $14) 9... Ng4 $11 10. Bc1 a5 11. O-O {[%emt 0:00:33] White is slightly better.} (11. h3 $5 Ngf6 $8 12. Be3 $14) 11... Nc5 12. g3 Nf6 13. Nd2 $146 ({Predecessor:} 13. Qc2 Qe8 14. Nh4 Bh3 15. Re1 Nfd7 16. Nb5 Na6 17. Bd2 c6 18. Nxd6 Qb8 19. c5 Naxc5 {1-0 Porper,E (2448)-Ganguly,S (2637) Canadian op Edmonton 2009 (9)}) 13... Bh3 14. Re1 Qd7 15. b3 Ng4 16. Nf1 (16. Ba3 $11) 16... f5 $17 17. f3 {[%emt 0:00:20] [#]} Bxf1 $2 ({Black should try} 17... Nf2 $1 $17 18. Kxf2 fxe4) 18. Bxf1 $11 (18. fxg4 Bxe2 (18... Nxe4 19. Nxe4 Bxe2 20. Qxe2 $11) 19. Rxe2 fxg4 $15) (18. Rxf1 $5 Nf6 $8 19. exf5 $16) 18... Nf6 19. Bh3 Nh5 (19... Nh7 $1 $14) 20. Rb1 $16 Qe7 21. a3 (21. exf5 $16 {Hoping for Ne4.} gxf5 22. f4) 21... b6 {[%emt 0:03:22] This costs Black the game.} (21... f4 $14) 22. b4 axb4 23. axb4 Nd7 (23... Nb7 {was worth a try.} 24. exf5 gxf5) 24. Nb5 Nb8 $2 (24... fxe4 25. Rxe4 (25. Nxc7 exf3 26. Re3 f2+ 27. Kf1 Rac8 $14) (25. Be6+ Kh7 $16) 25... Ndf6) 25. exf5 $18 gxf5 26. f4 Nf6 27. fxe5 dxe5 28. Bxf5 Kh8 {[%emt 0:01:52] Black is weak on the light squares} 29. Nd4 Nfd7 (29... Nxd5 $142 30. Qg4 (30. cxd5 Qf7 $18) 30... Qf6) 30. Bc2 {[%emt 0:02:58] A strong pair of Bishops.} Qf6 31. Nf5 {[%emt 0:00:21] Active counter play!} Ra2 32. Rf1 Qd8 (32... Qg6 $142 33. Bb2 Rf7) 33. Bb3 Ra8 34. Nxh6 Rxf1+ 35. Qxf1 Bxh6 36. Bxh6 Qf6 37. Qh3 Kg8 {[%emt 0:01:19][%cal Bh8g8,Bg8h7,Bh7g7][%mdl 32] [#]} 38. c5 $1 {[%emt 0:00:17] Rf1 would kill now.} Ra3 (38... Kh7 39. Bg5+) 39. Qe6+ (39. Rf1 $142 Rxb3 40. Rxf6 Rb1+ 41. Rf1 Rxf1+ 42. Kxf1 Kh7 43. Qe6 Na6 44. h4 (44. Qxd7+ Kxh6 45. cxb6 cxb6 $18)) 39... Kh7 40. Qxf6 Nxf6 41. Bg5 Kg7 42. Bc1 Ra8 43. Bb2 bxc5 44. bxc5 Nbd7 45. c6 Nc5 46. Bxe5 Nxb3 47. Rxb3 Re8 48. Bxf6+ Kxf6 {[%emt 0:00:10][%mdl 4096] Endgame KR-KR. White is 3 pawns up.} 49. Rb7 Re7 {[%emt 0:00:38] [#]} 50. d6 $1 {[%emt 0:00:28] White mates.} cxd6 (50... Re8 51. d7) 51. Rxe7 Kxe7 {[%emt 0:00:09] KP-KP. White is two pawns up.} 52. h4 d5 53. h5 d4 54. Kf2 Kd6 55. h6 Kxc6 {[%emt 0:00:08] KPP-KP. White is a pawn up.} 56. h7 Kc5 57. h8=Q Kc4 58. Ke2 Kc3 59. Qc8+ Kb2 60. Kd3 Kb1 61. Qb7+ Ka1 62. Qa6+ Kb1 63. Kxd4 Kb2 64. Qb5+ Ka2 65. Kc3 Ka1 66. Qb2# {[%emt 0:00:02] Weighted Error Value: White=0.56/Black=1.00  Mistake:       	White=2     	Black=7      Inaccurate:     	White=2     	Black=1      OK:         	White=9     	Black=12     Best:        	White=1     	Black=1      Brilliant:      	White=1     	---} 1-0

[Event "22nd Indian Women chT 2025"]
[Site "Gujarat"]
[Date "2025.03.05"]
[Round "1.7"]
[White "Krishi Sutariya"]
[Black "Arpita, Mukherjee"]
[Result "0-1"]
[Annotator "TA"]
[ECO "D00"]
[WhiteElo "1476"]
[BlackElo "2163"]
[PlyCount "84"]
[EventDate "2025.03.03"]
[EventCountry "IND"]
[SourceTitle "playchess.com"]
[Source "ChessBase"]
[SourceQuality "1"]
[TimeControl "5400+30"]

1. d4 Nf6 2. Bf4 d5 3. e3 c5 4. c3 Nc6 5. Bd3 Qb6 {[%emt 0:00:43] White must now prevent ...c4.} 6. Qc1 {[%emt 0:02:25] D00: 1 d4 d5: Unusual lines.} (6. Qb3 $11) 6... Bg4 (6... cxd4 $15 7. cxd4 Nb4) 7. Nd2 e6 8. Ngf3 {[%emt 0:01:45] The position is equal.} Be7 9. O-O O-O 10. Qb1 Bxf3 $146 ({Predecessor:} 10... Bh5 11. Ne5 Rac8 12. Bg5 Qc7 13. Nxc6 bxc6 14. Bxf6 gxf6 15. Bxh7+ Kg7 16. Bd3 Rh8 {1-0 Nakamura,H (2781)-Bai,J (2571) PRO League Stage rapid 2018 (9)}) 11. Nxf3 h6 12. h3 Nd7 13. Bh2 Rfe8 14. Ne5 (14. a3 $11) 14... Ncxe5 $15 15. dxe5 c4 16. Bc2 Nc5 17. Rd1 a5 18. Rd4 a4 19. Rg4 Kh8 20. Qc1 {[%emt 0:04:58] [#] Black continues to play with concentration.} ({Better is} 20. a3 $15) 20... a3 $1 $17 {[%emt 0:15:33][%mdl 512] Black plays on the queen side and is better Black is more active.} 21. bxa3 {[%emt 0:04:14][%csl Oa2,Oa3,Oc3] White has weak pawns. Black has space advantage and is better} (21. Rb1 axb2) 21... Qa5 22. Qd1 (22. e4 $142) 22... Qxc3 $19 23. Bf4 Nd3 (23... Qxa3 24. Rg3 $17) 24. Bxd3 Qxd3 25. Qf3 Qf5 (25... Rxa3 26. Bxh6 Qf5 (26... gxh6 $2 27. Qxf7 Bg5 28. Qxe8+ $18) 27. Bxg7+ (27. Rxg7 $2 Qxf3 28. gxf3 Bf8 $19) 27... Kh7 28. Rf4 $16) 26. h4 (26. Qe2 {was called for.}) 26... c3 (26... Bxa3 27. Qg3 Bf8 28. a4 $19) 27. Qg3 Rg8 28. Rc1 h5 (28... Rxa3 $2 29. Bxh6 c2 (29... Rxa2 30. Rxg7 Rga8 31. e4 $11) 30. Bg5 $17) ({Weaker is} 28... Bxa3 29. Rxc3 Be7 30. e4 dxe4 (30... Qxe4 31. Be3 $15) 31. Be3 $17) 29. Rg5 Bxg5 30. Bxg5 Rgc8 31. e4 Qxe4 32. Rxc3 Qe1+ 33. Kh2 Rxc3 34. Qf4 Kg8 35. Qd2 Qxd2 36. Bxd2 Rcxa3 37. Be3 {[%emt 0:00:56] [#]} Rxe3 $1 {[%emt 0:00:06] Black mates.} 38. fxe3 Rxa2 39. Kg3 b5 40. Kf3 b4 41. e4 b3 42. exd5 exd5 {[%emt 0:00:08] Weighted Error Value: White=0.74/Black=0.11 (very precise)   Mistake:       	White=4     	Black=1      Inaccurate:     	White=4     	Black=1      OK:         	White=3     	Black=12} 0-1

[Event "22nd Indian Women chT 2025"]
[Site "Gujarat"]
[Date "2025.03.05"]
[Round "1.8"]
[White "Priyanka, K."]
[Black "Lakhnotra Khushali D"]
[Result "1-0"]
[Annotator "NA RC"]
[ECO "C01"]
[WhiteElo "2086"]
[BlackElo "1601"]
[PlyCount "97"]
[EventDate "2025.03.03"]
[EventCountry "IND"]
[SourceTitle "playchess.com"]
[Source "ChessBase"]
[SourceQuality "1"]
[TimeControl "5400+30"]

1. e4 e6 2. d4 d5 3. Nc3 Bb4 4. exd5 exd5 5. Bd3 Ne7 6. Nf3 Bg4 7. O-O O-O 8. Bxh7+ Kh8 9. Bd3 Nbc6 10. h3 Bh5 11. Be2 f6 12. Nh4 Bxe2 13. Nxe2 g5 14. Nf3 Ng6 15. Ng3 Be7 16. Nf5 Kg8 17. Nh2 Kf7 18. Ng4 Rh8 19. Ngh6+ Kf8 20. Qh5 Qe8 21. Qf3 Rxh6 22. Nxh6 Kg7 23. Nf5+ Kh7 24. Re1 Nh4 25. Nxh4 gxh4 26. Qf5+ Qg6 27. Qxg6+ Kxg6 28. Bf4 Bb4 29. c3 Nxd4 30. cxd4 Bxe1 31. Rxe1 c6 32. Re7 b6 33. Rc7 Kf5 34. Be3 Rd8 35. Rxc6 Rd7 36. Rc8 Rh7 37. Kf1 Ke4 38. Ke2 Rg7 39. Re8+ Kf5 40. Kf3 Rc7 41. g4+ hxg3 42. fxg3 Kg6 43. h4 Rc2 44. Re7 Rxb2 45. Rxa7 b5 46. g4 Rh2 47. h5+ Rxh5 48. gxh5+ Kxh5 49. Rg7 1-0

[Event "22nd Indian Women chT 2025"]
[Site "Gujarat"]
[Date "2025.03.05"]
[Round "1.9"]
[White "Aamuktha Guntaka"]
[Black "Banker Reya"]
[Result "1-0"]
[Annotator "NA RC"]
[ECO "B66"]
[WhiteElo "1910"]
[BlackElo "1409"]
[PlyCount "111"]
[EventDate "2025.03.03"]
[EventCountry "IND"]
[SourceTitle "playchess.com"]
[Source "ChessBase"]
[SourceQuality "1"]
[TimeControl "5400+30"]

1. e4 c5 2. Nf3 d6 3. d4 cxd4 4. Nxd4 Nf6 5. Nc3 Nc6 6. Bg5 e6 7. Qd2 a6 8. O-O-O h6 9. Bf4 d5 10. exd5 Nxd5 11. Nxd5 Qxd5 12. Nxc6 Qxd2+ 13. Rxd2 bxc6 14. Be2 Be7 15. Rhd1 O-O 16. Bf3 e5 17. Be3 Be6 18. Bxc6 Rac8 19. Bd7 Bb4 20. c3 Bxd7 21. Rxd7 Bc5 22. Bxc5 Rxc5 23. R1d5 Rxd5 24. Rxd5 f6 25. Ra5 Ra8 26. Kc2 Kf7 27. b4 Ke6 28. b5 Kd6 29. Rxa6+ Rxa6 30. bxa6 Kc6 31. Kd3 f5 32. Kc4 g6 33. f3 h5 34. h4 Kb6 35. Kd5 e4 36. fxe4 fxe4 37. Kxe4 Kxa6 38. Kf4 Kb5 39. Kg5 Kc4 40. a4 Kc5 41. Kxg6 Kc4 42. Kxh5 Kc5 43. Kg6 Kb6 44. h5 Ka5 45. h6 Kxa4 46. h7 Kb3 47. h8=Q Kc2 48. c4 Kc1 49. Qc3+ Kd1 50. Qb2 Ke1 51. c5 Kf1 52. g4 Ke1 53. c6 Kf1 54. c7 Kg1 55. c8=R Kh1 56. Rc1# 1-0

[Event "22nd Indian Women chT 2025"]
[Site "Gujarat"]
[Date "2025.03.05"]
[Round "1.10"]
[White "Marvaniya Mahi V"]
[Black "Sandhya Goli"]
[Result "1/2-1/2"]
[Annotator "NA RC"]
[ECO "B33"]
[WhiteElo "1506"]
[BlackElo "1896"]
[PlyCount "106"]
[EventDate "2025.03.03"]
[EventCountry "IND"]
[SourceTitle "playchess.com"]
[Source "ChessBase"]
[SourceQuality "1"]
[TimeControl "5400+30"]

1. e4 c5 2. Nf3 d6 3. d4 cxd4 4. Nxd4 Nf6 5. Nc3 Nc6 6. Be3 e5 7. Ndb5 a6 8. Na3 Be6 9. Nc4 b5 10. Nb6 Rb8 11. Nbd5 Bxd5 12. Nxd5 Be7 13. Nxf6+ Bxf6 14. Qd2 Qc7 15. Bd3 O-O 16. O-O Ne7 17. Rac1 Rfd8 18. c4 bxc4 19. Rxc4 Qb7 20. Rc2 d5 21. exd5 Qxd5 22. Bxa6 Qxa2 23. Qe2 Nf5 24. Bc4 Qa5 25. Bd2 Qa7 26. Be3 Qa5 27. Bd2 Qa7 28. Be3 Qb7 29. Ba6 Qb4 30. Bc5 Qa4 31. Bc4 Nd4 32. Bxd4 exd4 33. Bd3 Qa5 34. Qe4 g6 35. Rfc1 Re8 36. Qf3 Kg7 37. Kf1 Rb6 38. Re2 Reb8 39. Rb1 Rb3 40. Qe4 Qh5 41. h3 Qg5 42. Kg1 Rc8 43. Ree1 Qd2 44. Red1 Qg5 45. Re1 Qd2 46. Red1 Qa5 47. Bc2 Rb4 48. Bd3 Rcb8 49. Qe2 Bg5 50. Bc4 Bf6 51. b3 Qc7 52. Rbc1 Qf4 53. Rb1 Qc7 1/2-1/2

[Event "22nd Indian Women chT 2025"]
[Site "Gujarat"]
[Date "2025.03.05"]
[Round "1.11"]
[White "Niharika Challa"]
[Black "Kamakshee Joshi"]
[Result "1-0"]
[Annotator "NA RC"]
[ECO "B98"]
[WhiteElo "2072"]
[BlackElo "1560"]
[PlyCount "93"]
[EventDate "2025.03.03"]
[EventCountry "IND"]
[SourceTitle "playchess.com"]
[Source "ChessBase"]
[SourceQuality "1"]
[TimeControl "5400+30"]

1. e4 c5 2. Nf3 d6 3. d4 cxd4 4. Nxd4 Nf6 5. Nc3 a6 6. Bg5 e6 7. f4 Be7 8. Qf3 Qc7 9. O-O-O Nc6 10. Kb1 e5 11. Bxf6 Nxd4 12. Rxd4 exd4 13. Nd5 Qa5 14. b4 Qa4 15. Bxe7 Be6 16. Bxd6 Bxd5 17. exd5 Kd7 18. Bc5 b6 19. Bxd4 Qxb4+ 20. Bb2 Rhe8 21. a3 Re1+ 22. Ka2 Qd2 23. Qh3+ Ke8 24. Qc3 Qxc3 25. Bxc3 Re4 26. g3 Rc8 27. Bd3 Re3 28. Bxg7 Rd8 29. Bd4 Rxd3 30. cxd3 Rxd5 31. Bxb6 Rxd3 32. Re1+ Kf8 33. Re2 Rd5 34. a4 Kg7 35. a5 Kg6 36. Kb3 Kh5 37. Re5+ Rxe5 38. fxe5 Kg5 39. Kc4 Kf5 40. Bc7 h5 41. Kc5 Ke6 42. Kb6 Kd7 43. h3 Kc8 44. Bd6 Kd7 45. Kxa6 Kc6 46. Ka7 Kd5 47. Kb7 1-0